 Dungeon Crawl Stone Soup version 0.16-a0-3722-g5e7e3b6 (webtiles) character file.

1759 EdwardR the Shield-Bearer (level 8, -1/71 HPs)
             Began as a Minotaur Fighter on Jan 21, 2015.
             Was an Initiate of the Shining One.
             Slain by a gnoll
             ... wielding a +0 halberd
             ... summoned by a shadow trap
              (11 damage)
             ... on level 6 of the Dungeon.
             The game lasted 00:14:47 (5525 turns).

EdwardR the Shield-Bearer (Minotaur Fighter)        Turns: 5525, Time: 00:14:49

Health: -1/71      AC:  8    Str: 23    XL:     8   Next: 79%
Magic:  3/3        EV: 12    Int:  5    God:    the Shining One [......]
Gold:   299        SH:  0    Dex: 10    Spells: 0 memorised, 7 levels left

rFire  . . .     SeeInvis .     B - -2 halberd (curse)
rCold  . . .     Clarity  .     b - +1 scale mail
rNeg   . . .     SustAb   .     (no shield)
rPois  .         Gourm    .     (helmet restricted)
rElec  .         Spirit   .     (no cloak)
rCorr  .         Warding  .     (no gloves)
rMut   .         Stasis   .     (no boots)
MR     .....                    (no amulet)
Stlth  ..........               (no ring)
                                (no ring)

@: not resistant to hostile enchantments, extremely unstealthy
A: retaliatory headbutt, horns 2, regeneration 1
a: Renounce Religion


You were on level 6 of the Dungeon.
You worshipped the Shining One.
The Shining One was noncommittal.
You were not hungry.

You visited 1 branch of the dungeon, and saw 6 of its levels.

You collected 299 gold pieces.

Inventory:

Hand weapons
 a - a +0 war axe
 f - a +0 club
 B - a cursed -2 halberd (weapon)
Armour
 b - a +1 scale mail (worn)
 u - a +0 large shield
Magical devices
 e - a wand of disintegration (16)
 o - a wand of frost (30)
 A - a wand of cold (0)
Scrolls
 i - a scroll of remove curse
 j - 2 scrolls of recharging
 l - a scroll of teleportation
 n - 2 scrolls of enchant armour
 s - a scroll of fear
 x - 3 scrolls of magic mapping
Potions
 c - a potion of cure mutation {unknown}
 d - 2 potions of cancellation {unknown}
 p - a potion of haste
 r - a potion of lignification
 t - 2 potions of flight
 v - a potion of magic {unknown}
Comestibles
 h - a slice of pizza
 k - a beef jerky
 m - 3 fruits
 q - 4 meat rations
 w - 2 royal jellies


   Skills:
 + Level 6.3 Fighting
 + Level 6.4 Axes
 + Level 6.8 Armour
 + Level 5.7 Dodging
 + Level 0.8 Stealth
 + Level 7.5 Shields
 + Level 0.2 Evocations


You had 7 spell levels left.
You didn't know any spells.

Dungeon Overview and Level Annotations

Branches:
Dungeon (6/15)
 Temple: D:4-7

Altars:
Elyvilon
Gozag
Kikubaaqudgha
Okawaru
Qazlal
Ru
Trog
Zin
The Shining One


Innate Abilities, Weirdness & Mutations

You reflexively headbutt those who attack you in melee.
You have a pair of horns on your head.
Your natural rate of healing is unusually fast.


Message History

Drink which item? (? for menu, Esc to quit)
You feel better. The gnoll barely misses you. The gnoll barely misses you.
Drink which item? (? for menu, Esc to quit)
You feel better. The ogre misses you. You furiously retaliate!
You headbutt the ogre! The gnoll closely misses you.
The gnoll closely misses you.
You hit the ogre but do no damage. Your headbutt misses the ogre.
The ogre is severely wounded.
The ogre hits you with a giant club!
* * * LOW HITPOINT WARNING * * *
The gnoll hits you but does no damage. The gnoll barely misses you.
Unknown command.
You hit the ogre but do no damage.
The ogre is severely wounded.
The gnoll hits you with a spear.
* * * LOW HITPOINT WARNING * * *
The ogre hits you with a giant club!
* * * LOW HITPOINT WARNING * * *
The gnoll hits you from afar with a halberd!
You die...

.#.... ##...g..>.....
......####....<######
..........)......#
.........$[......###
....................
.######.##.....####
##.g.....##
#gOg.......#
#@########.# #.# ...
#.# #.# #.# #.# #.#
..# ###


You could see an ogre and 3 gnolls.

Vanquished Creatures
  Pikel (D:4)
  A sky beast (D:6)
  2 ogres (D:4)
  An orc warrior (D:6)
  2 centaurs (D:5)
  A phantom (D:3)
  The ghost of haldagan the Ducker, an average DsGl (D:3)
  Blork the orc (D:4)
  2 scorpions
  4 orc wizards
  2 hounds (D:5)
  A worker ant (D:5)
  Jessica (D:3)
  Terence (D:3)
  8 gnolls (D:6)
  A worker ant zombie (D:5)
  A shadow imp (D:5)
  2 adders (D:3)
  4 worms
  2 giant geckos
  2 oozes (D:3)
  18 orcs
  A ball python (D:3)
  2 giant cockroaches
  11 hobgoblins
  12 jackals
  3 quokkas
  11 bats
  3 giant newts
  10 goblins
  8 kobolds
  10 rats
  2 plants (D:3)
132 creatures vanquished.

Vanquished Creatures (others)
  A slave (D:4)
  Ijyb (D:4)
  2 adders (D:4)
  A worm (D:4)
  A giant cockroach (D:4)
  A hobgoblin (D:4)
  A jackal (D:4)
  A kobold (D:4)
9 creatures vanquished.

Grand Total: 141 creatures vanquished

Notes
Turn   | Place    | Note
--------------------------------------------------------------
     0 | D:1      | EdwardR, the Minotaur Fighter, began the quest for the Orb.
     0 | D:1      | Reached XP level 1. HP: 19/19 MP: 1/1
   186 | D:1      | Reached XP level 2. HP: 27/27 MP: 1/1
   203 | D:1      | Reached skill level 4 in Armour
   882 | D:2      | Reached XP level 3. HP: 33/33 MP: 2/2
  1366 | D:2      | Found a bloodstained altar of Trog.
  1459 | D:2      | Gained mutation: Your natural rate of healing is unusually fast. [potion of beneficial mutation]
  1694 | D:3      | Reached skill level 1 in Dodging
  1774 | D:3      | Noticed haldagan's ghost (average DsGl)
  1788 | D:3      | Killed haldagan's ghost
  1788 | D:3      | Reached XP level 4. HP: 21/41 MP: 2/2
  1788 | D:3      | Reached XP level 5. HP: 24/47 MP: 2/2
  2175 | D:3      | Noticed a phantom
  2234 | D:3      | Killed a phantom
  2375 | D:3      | Noticed Jessica
  2383 | D:3      | Killed Jessica
  2527 | D:3      | Noticed Terence
  2534 | D:3      | Killed Terence
  2534 | D:3      | Reached XP level 6. HP: 53/53 MP: 3/3
  2697 | D:3      | Reached skill level 5 in Armour
  2975 | D:4      | Reached skill level 5 in Shields
  3279 | D:4      | Reached skill level 5 in Fighting
  3416 | D:4      | Found a stormy altar of Qazlal.
  3425 | D:4      | Noticed Blork the orc
  3433 | D:4      | Killed Blork the orc
  3433 | D:4      | Reached XP level 7. HP: 52/61 MP: 3/3
  3479 | D:4      | Noticed Pikel
  3497 | D:4      | Killed Pikel
  3497 | D:4      | Reached skill level 5 in Axes
  3497 | D:4      | Reached skill level 6 in Armour
  3497 | D:4      | Reached XP level 8. HP: 31/70 MP: 3/3
  3533 | D:4      | Killed Ijyb
  3914 | D:4      | Found a sacrificial altar of Ru.
  4107 | D:5      | Entered Level 5 of the Dungeon
  4604 | D:5      | Reached skill level 5 in Dodging
  4690 | D:5      | Found an opulent altar of Gozag.
  4714 | D:5      | Found an ancient bone altar of Kikubaaqudgha.
  5026 | D:5      | Reached skill level 7 in Shields
  5085 | D:5      | Found a white marble altar of Elyvilon.
  5085 | D:5      | Found a glowing silver altar of Zin.
  5085 | D:5      | Found a glowing golden altar of the Shining One.
  5170 | D:5      | Became a worshipper of the Shining One
  5304 | D:6      | Found an iron altar of Okawaru.
  5525 | D:6      | Slain by a gnoll

Action                   |  1- 3 |  4- 6 |  7- 9 || total
-------------------------+-------+-------+-------++-------
Melee: War axe           |   116 |   134 |   117 ||   367
       Halberd           |       |       |    30 ||    30
Evoke: Wand              |       |       |     2 ||     2
  Use: Scroll            |    12 |     3 |     2 ||    17
       Potion            |     3 |       |     4 ||     7
  Eat: Bread ration      |     2 |     1 |     1 ||     4
       Beef jerky        |       |       |     1 ||     1
